 Dungeon Crawl Stone Soup version 0.27-a0-1177-g245c70e1c0 (webtiles) character file.

Game seed: 3762312782508402640

53 Grimdewalt the Magician (level 4, -7/34 HPs)
             Began as a Djinni Warper on May 16, 2021.
             Mangled by a gnoll
             ... wielding a +0 flail
              (8 damage)
             ... on level 1 of the Dungeon.
             The game lasted 00:02:49 (3028 turns).

Grimdewalt the Magician (Djinni Warper)             Turns: 3028, Time: 00:02:50

Health: -7/34      AC:  3    Str: 11    XL:     4   Next: 10%
Gold:   35         EV: 11    Int: 15    God:
                   SH:  0    Dex: 12

rFire    + + .     SeeInvis .   a - +0 mace
rCold    x . .     Faith    .   (no shield)
rNeg     . . .     Spirit   .   b - +0 leather armour
rPois    ∞         Reflect  .   (no helmet)
rElec    .         Harm     .   (no cloak)
rCorr    .         Rampage  .   (no gloves)
Will     .....                  (boots unavailable)
Stlth    +.........             (no amulet)
HPRegen  0.11/turn              (no ring)
MPRegen  0.00/turn              (no ring)

@: flying, very slightly contaminated
A: sickness immunity, fire resistance 2, cold vulnerability 1, float, innate
caster, hp casting, extra vitality 1
a: no special abilities


You were on level 1 of the Dungeon.
You visited 1 branch of the dungeon, and saw 2 of its levels.

You collected 35 gold pieces.

Inventory:

Hand Weapons
 a - a +0 mace (weapon)
Missiles
 e - 5 boomerangs of dispersal (quivered)
Armour
 b - a +0 leather armour (worn)
Jewellery
 h - an amulet of faith
Wands
 l - a wand of digging (6)
Scrolls
 c - a scroll of identify {unknown}
 d - 3 scrolls of blinking
 g - a scroll of teleportation {unknown}
 i - 2 scrolls of enchant armour {unknown}
 j - a scroll of noise {unknown}
 k - a scroll of acquirement {unknown}
Potions
 f - a potion of invisibility {unknown}


   Skills:
 + Level 2.8 Fighting
 + Level 2.3 Maces & Flails
 - Level 0.7 Throwing
 - Level 1.0 Armour
 - Level 2.1 Dodging
 + Level 2.9 Spellcasting


You couldn't memorise any spells.
You knew the following spells:

 Your Spells              Type           Power      Damage    Failure   Level
a - Blink                 Tloc           N/A        N/A       12%         2
b - Lesser Beckoning      Tloc           5%         N/A       24%         3
c - Gell's Gravitas       Tloc           5%         N/A       24%         3
d - Teleport Other        Tloc           10%        N/A       24%         3
e - Manifold Assault      Tloc           10%        N/A       92%         5
f - Pain                  Necr           40%        1d6       9%          1
Your spell library was empty.

Dungeon Overview and Level Annotations

Branches:
Dungeon (2/15)

Altars:


Innate Abilities, Weirdness & Mutations

You are immune to sickness and miasma.
You are immune to poison.
Your flesh is very heat resistant. (rF++)
You are vulnerable to cold. (rC-)
You float through the air rather than walking.
You learn spells naturally, not from books.
Your magical power is your life essence.
You have superior vitality. (+4 HP)


Message History

You fly upwards.
There is a stone staircase leading down here.
The gnoll hits you with a +0 flail.
Casting: Blink (safe; 12% risk of failure)
Confirm with . or Enter, or press ? or * to list all spells.
You blink.
Casting: Blink (safe; 12% risk of failure)
Confirm with . or Enter, or press ? or * to list all spells.
Aiming: Pain (safe; 9% risk of failure)
Press: ? - help, Shift-Dir - straight line, f - gnoll
Aim: a gnoll, wielding a +0 flail (chance to affect: 71%)
The gnoll writhes in agony.
* * * LOW HITPOINT WARNING * * *
Casting: Pain (safe; 9% risk of failure)
Confirm with . or Enter, or press ? or * to list all spells.
Aiming: Pain (safe; 9% risk of failure)
Press: ? - help, Shift-Dir - straight line, f/p - gnoll
Aim: a gnoll, wielding a +0 flail (lightly wounded, chance to affect: 71%)
You miscast Pain.
You are very lightly contaminated with residual magic.
Nothing appears to happen.
* * * LOW HITPOINT WARNING * * *
Casting: Pain (safe; 9% risk of failure)
Confirm with . or Enter, or press ? or * to list all spells.
Aiming: Pain (safe; 9% risk of failure)
Press: ? - help, Shift-Dir - straight line, f/p - gnoll
Aim: a gnoll, wielding a +0 flail (lightly wounded, chance to affect: 71%)
The gnoll writhes in agony.
* * * LOW HITPOINT WARNING * * *
Casting: Pain (safe; 9% risk of failure)
Confirm with . or Enter, or press ? or * to list all spells.
You blink.
* * * LOW HITPOINT WARNING * * *
Casting: Blink (safe; 12% risk of failure)
Confirm with . or Enter, or press ? or * to list all spells.
You miscast Blink.
Nothing appears to happen.
* * * LOW HITPOINT WARNING * * *
The gnoll barely misses you.
Casting: Blink (safe; 12% risk of failure)
Confirm with . or Enter, or press ? or * to list all spells.
You miscast Blink.
Nothing appears to happen.
* * * LOW HITPOINT WARNING * * *
The gnoll closely misses you.
Casting: Blink (safe; 12% risk of failure)
Confirm with . or Enter, or press ? or * to list all spells.
You don't have enough health to cast this spell.
You hit the gnoll but do no damage.
The gnoll is moderately wounded.
The gnoll hits you with a +0 flail!
You die...

.......# #...............P.PP.##
.......####.............#.PP.....
....................>...#P.......
##...............................
#................#..............
#####.....#...##>................
#.........#...##................#
#...................#....(.[.....
#..............g@...#...........#
....................#...........#
............).#.....#....#......#
..............#.....#....#......#
.....####...........#....#......#
###### #................#.......
####### #................#......#
#.....######....................#
.##'##..## #...........#......###


You could see a gnoll.

Vanquished Creatures
  An adder (D:2)
  A dart slug (D:1)
  5 endoplasms
  2 giant cockroaches (D:1)
  4 goblins
  2 hobgoblins
  3 jackals (D:1)
  6 kobolds
  3 quokkas
  2 ball pythons (D:2)
  3 bats (D:1)
  A frilled lizard (D:1)
  3 rats (D:1)
36 creatures vanquished.

Vanquished Creatures (others)
  A fungus (D:1)
  2 plants (D:1)
3 creatures vanquished.

Grand Total: 39 creatures vanquished

Notes
Turn   | Place    | Note
-------+----------+-------------------------------------------
     0 | D:1      | Grimdewalt the Djinni Warper began the quest for the Orb.
     0 | D:1      | Reached XP level 1. HP: 18/18 MP: 0/0
   108 | D:1      | Reached XP level 2. HP: 12/23 MP: 0/0
   310 | D:1      | HP: 1/23 [quokka (4)]
   887 | D:1      | Reached XP level 3. HP: 3/29 MP: 0/0
   887 | D:1      | Learned a level 1 spell: Pain
  1550 | D:1      | Found a faded altar of an unknown god.
  2611 | D:2      | Reached XP level 4. HP: 5/34 MP: 0/0
  3028 | D:1      | Mangled by a gnoll

Illustrated notes

Levels and vault maps discovered:
D:1:      dpeg_arrival_yet_another_circle, layout_basic,
          shapermc_ecumenical_altar_mp_ritualfount, minmay_stone_trees_small
D:2:      layout_loops_ring, serial_shops, nicolae_shop_crystal

Skill      XL: |  1  2 |
---------------+-------+-----
Maces & Flails | 2 |  2.3
Fighting       | |  2.8
Throwing       | |  0.7
Armour         | |  1.0
Dodging        | |  2.1
Spellcasting   | |  2.9

Action                   |  1- 3 |  4- 6 || total
-------------------------+-------+-------++-------
Melee: Mace              |   148 |     3 ||   151
 Cast: Pain              |     5 |     2 ||     7
       Blink             |       |     3 ||     3
Armor: Leather armour    |    61 |       ||    61
Dodge: Dodged            |   111 |     3 ||   114

Table legend: (Time is in decaauts)
 A = Elapsed time spent in this place.
 B = Non-inter-level travel time spent in this place.
 C = Inter-level travel time spent in this place.
 D = Time resting spent in this place.
 E = Time spent auto-exploring this place.
 F = Levels seen in this place.
 G = Mean time per level.
                   A        B        C        D        E       F      G
               +--------+--------+--------+--------+--------+-----+--------+
         Total |   3075 |   2999 |     76 |    209 |   2388 |   2 | 1537.5 |
       Dungeon |   3075 |   2999 |     76 |    209 |   2388 |   2 | 1537.5 |
               +--------+--------+--------+--------+--------+-----+--------+

Top non-repeatable levels by time:
     D:1: 2274 daAuts
     D:2: 801 daAuts
